 Dungeon Crawl Stone Soup version 0.30.1 (webtiles) character file.

Game seed: 16730580226617953042

2071 monsoonserge the Magician (level 9, -25/65 HPs)
             Began as a Gnoll Fire Elementalist on July 12, 2023.
             Was an Initiate of Vehumet.
             Killed by the air
             ... invoked by Gastronok
              (34 damage)
             ... on level 7 of the Dungeon.
             The game lasted 00:18:32 (6735 turns).

monsoonserge the Magician (Gnoll Fire Elementalist) Turns: 6735, Time: 00:18:34

Health: -25/65     AC: 13    Str:  9    XL:     9   Next: 26%
Magic:  0/18       EV: 14    Int: 27    God:    Vehumet [......]
Gold:   58         SH:  0    Dex: 14    Spells: 9/21 levels left

rFire   . . .        G - +9 whip of Wamohal {elec, Int+3}
rCold   . . .        (no shield)
rNeg    . . .        F - +2 leather armour {Will+}
rPois   .            (no helmet)
rElec   .            K - +0 cloak
rCorr   .            (no gloves)
SInv    .            i - +2 pair of boots {rampage}
Will    +....        (no amulet)
Stlth   +++          t - ring of Valeep {Str+2 Int+6}
HPRegen 0.30/turn    c - +4 ring of protection
MPRegen 0.16/turn

%: rampage
@: no status effects
A: fangs 1, strong nose, distributed training
a: Renounce Religion


You were on level 7 of the Dungeon.
You worshipped Vehumet.
Vehumet was noncommittal.
You visited 2 branches of the dungeon, and saw 9 of its levels.

You collected 408 gold pieces.
You spent 350 gold pieces at shops.

Inventory:

Hand Weapons
 G - the +9 whip of Wamohal (weapon) {elec, Int+3}
   (You bought it in a shop on level 3 of the Dungeon)

   Int:       It affects your intelligence (+3).
Missiles
 s - 23 poisoned darts
Armour
 h - a +1 ring mail of poison resistance
 i - a +2 pair of boots of rampaging (worn)
 D - a +0 ring mail
 F - a +2 leather armour of willpower (worn)
 I - a scarf of invisibility
 K - a +0 cloak (worn)
Jewellery
 c - a +4 ring of protection (right hand)
 t - the ring of Valeep (left hand) {Str+2 Int+6}
   (You bought it in a shop on level 3 of the Dungeon)

   [ring of intelligence]

   Str:       It affects your strength (+2).
   Int:       It affects your intelligence (+6).
 C - a ring of wizardry
 H - a ring of poison resistance
Wands
 u - a wand of polymorph (24)
 z - a wand of digging (4)
Scrolls
 a - a scroll of acquirement {unknown}
 d - 2 scrolls of enchant armour {unknown}
 k - a scroll of amnesia {unknown}
 l - 2 scrolls of noise {unknown}
 m - 3 scrolls of teleportation {unknown}
 o - 4 scrolls of enchant weapon {unknown}
 q - 2 scrolls of immolation {unknown}
 r - 7 scrolls of identify {unknown}
 v - 2 scrolls of magic mapping {unknown}
 y - 4 scrolls of poison {unknown}
 B - a scroll of silence {unknown}
 J - a scroll of fog {unknown}
Potions
 b - a potion of magic
 e - a potion of invisibility {unknown}
 f - a potion of mutation {unknown}
 g - a potion of resistance {unknown}
 j - 6 potions of curing
 n - 2 potions of brilliance {unknown}
 p - 3 potions of might {unknown}
 w - 2 potions of haste {unknown}
 x - 2 potions of heal wounds {unknown}
 A - 2 potions of ambrosia {unknown}
 E - a potion of cancellation {unknown}


   Skills:
 + Level 4.2 Fighting
 + Level 4.2 Short Blades
 + Level 4.2 Long Blades
 + Level 4.2 Axes
 + Level 4.2 Maces & Flails
 + Level 4.2 Polearms
 + Level 4.2 Staves
 + Level 4.2 Ranged Weapons
 + Level 4.2 Throwing
 + Level 4.2 Armour
 + Level 6.3 Dodging
 + Level 6.0 Stealth
 + Level 4.2 Shields
 + Level 4.2 Unarmed Combat
 + Level 6.6 Spellcasting
 + Level 4.1 Conjurations
 + Level 3.4 Hexes
 + Level 3.4 Summonings
 + Level 3.4 Necromancy
 + Level 3.4 Translocations
 + Level 3.4 Transmutations
 + Level 6.5 Fire Magic
 + Level 3.4 Ice Magic
 + Level 3.4 Air Magic
 + Level 3.4 Earth Magic
 + Level 3.4 Poison Magic
 + Level 4.6 Invocations
 + Level 4.2 Evocations


You had 9 spell levels left.
You knew the following spells:

 Your Spells              Type           Power      Damage    Failure   Level
a - Foxfire               Conj/Fire      100%       2x1d9     1%          1
b - Scorch                Fire           88%        2d8       1%          2
c - Volatile Blastmotes   Fire/Tloc      72%        2d16      3%          3
d - Blink                 Tloc           54%        N/A       3%          2
e - Flame Wave            Conj/Fire      37%        2d10      9%          4

Your spell library contained the following spells:

 Spells                   Type           Power      Damage    Failure   Level
 Sting                    Tmut/Pois      100%       1d8       1%          1
 Momentum Strike          Conj/Tloc      58%        3d9       2%          2
 Lesser Beckoning         Tloc           54%        N/A       3%          2
 Passwall                 Tmut/Erth      22%        N/A       3%          2
 Poisonous Vapours        Pois/Air       54%        N/A       3%          2
 Inner Flame              Hex/Fire       36%        N/A       3%          3
 Tukima's Dance           Hex            27%        N/A       6%          3
 Leda's Liquefaction      Hex/Erth       13%        N/A       21%         4
 Olgreb's Toxic Radiance  Pois           27%        N/A       21%         4
 Passage of Golubria      Tloc           27%        N/A       21%         4
 Yara's Violent Unravell  Hex/Tmut       13%        3d7       50%         5
 Statue Form              Tmut/Erth      18%        N/A       97%         6
 Summon Horrible Things   Summ           13%        N/A       100%        8


Dungeon Overview and Level Annotations

Branches:
Dungeon (8/15)             Temple (1/1) D:7
   Lair: D:8-11

Altars:
Ashenzari
Dithmenos
Elyvilon
Fedhas
Kikubaaqudgha
Makhleb
Nemelex Xobeh
Okawaru
Qazlal
Sif Muna
Uskayaw
Vehumet
Wu Jian
Yredelemnul
Zin

Shops:
D:3 :*   D:5 :

Annotations:
D:7 Gastronok
D:8 Maurice


Innate Abilities, Weirdness & Mutations

You have very sharp teeth.
Your uncanny sense of smell can sniff out nearby items.
Your experience applies equally to all skills.


Message History

Gastronok is severely wounded.
Casting: Foxfire (safe; 1% risk of failure)
Confirm with . or Enter, or press ? or * to list all spells.
You conjure some foxfire!
The foxfire hits Gastronok!
Gastronok is burned terribly!
Gastronok is severely wounded.
The foxfire hits Gastronok but does no damage.
Gastronok is severely wounded.
Gastronok barely misses you.
Casting: Foxfire (safe; 1% risk of failure)
Confirm with . or Enter, or press ? or * to list all spells.
You conjure some foxfire!
The foxfire hits Gastronok.
Gastronok is burned terribly!
Gastronok is severely wounded.
The foxfire hits Gastronok.
Gastronok is burned terribly!
Gastronok is severely wounded.
Casting: Foxfire (safe; 1% risk of failure)
Confirm with . or Enter, or press ? or * to list all spells.
You conjure some foxfire!
Gastronok is no longer more vulnerable to fire.
The foxfire hits Gastronok.
Gastronok is severely wounded.
The foxfire hits Gastronok.
Gastronok is severely wounded.
Gastronok bites you!!
* * * LOW HITPOINT WARNING * * *
Press: ? - help, v - describe, . - travel
Here: Gastronok, wearing a +2 hat (severely wounded, covering ground quickly, ally target)
The floor.
It was a potion of curing.
You feel better.
The foxfire hits Gastronok.
Gastronok is almost dead.
The foxfire hits Gastronok.
Gastronok is almost dead.
Casting: Foxfire (safe; 1% risk of failure)
Confirm with . or Enter, or press ? or * to list all spells.
You conjure some foxfire!
Gastronok waves his eye-stalks in wide circles.
The air twists around and strikes you!!
Ouch! That really hurt!
You die...

..#.....#.#####.#.#..#...##...###
..#.............).#.........#####
..##....#.#####.........###......
..##....#....#..#.......# #......
.<##....#.>....##..###..###......
..####..÷......###........#......
...# #..#.##....##.##.....#......
.#.# ##.#.##.##v§§........#......
.#.####......#.v@................
.#........###...w..............#.
.....##..##......................
.##...........##...........#...##
......#..###..##.....#...........
..###..........................##
#...^........##>.......#...#...##
#.............################.##
..............# #.##


You could see Gastronok (swift, ally target).

Vanquished Creatures
  2 humans (D:7)
  Eustachio (D:5)
  A water moccasin (D:5)
  2 sky beasts (D:6)
  A black bear (D:7)
  An ogre (D:5)
  2 phantoms
  A bullfrog (D:6)
  3 scorpions
  3 howler monkeys
  2 jellies
  5 hounds
  Crazy Yiuf (D:7)
  2 orc priests
  A sleepcap (D:6)
  A gnoll bouda (D:6)
  2 orc wizards
  8 adders
  9 gnolls
  A shadow imp (D:6)
  A white imp (D:5)
  4 ufetubi (D:5)
  3 worms
  A dart slug (D:2)
  12 orcs
  A bat (D:3)
  4 endoplasms
  2 giant cockroaches
  6 goblins
  11 hobgoblins
  10 ball pythons
  6 frilled lizards
  7 kobolds
  8 rats
  A butterfly (D:7)
126 creatures vanquished.

Vanquished Creatures (others)
  289 foxfires
289 creatures vanquished.

Grand Total: 415 creatures vanquished

Notes
Turn   | Place    | Note
-------+----------+-------------------------------------------
     0 | D:1      | monsoonserge the Gnoll Fire Elementalist began the quest
                  | for the Orb.
     0 | D:1      | Reached XP level 1. HP: 13/13 MP: 6/6
   225 | D:1      | Reached XP level 2. HP: 19/19 MP: 3/7
   324 | D:1      | Got Sif Muna's Incunable of Allies and Mud
   809 | D:2      | Learned a level 2 spell: Scorch
   860 | D:2      | Reached skill level 5 in Spellcasting
   860 | D:2      | Reached XP level 3. HP: 25/25 MP: 0/9
   861 | D:2      | Reached skill level 1 in Invocations
   912 | D:2      | Reached skill level 1 in Fighting
   912 | D:2      | Reached skill level 1 in Short Blades
   912 | D:2      | Reached skill level 1 in Long Blades
   912 | D:2      | Reached skill level 1 in Axes
   912 | D:2      | Reached skill level 1 in Maces & Flails
   912 | D:2      | Reached skill level 1 in Polearms
   912 | D:2      | Reached skill level 1 in Staves
   912 | D:2      | Reached skill level 1 in Ranged Weapons
   912 | D:2      | Reached skill level 1 in Throwing
   912 | D:2      | Reached skill level 1 in Armour
   912 | D:2      | Reached skill level 1 in Shields
   912 | D:2      | Reached skill level 1 in Unarmed Combat
   912 | D:2      | Reached skill level 1 in Evocations
  1041 | D:2      | Reached XP level 4. HP: 32/32 MP: 4/11
  1446 | D:2      | Reached skill level 1 in Hexes
  1446 | D:2      | Reached skill level 1 in Summonings
  1446 | D:2      | Reached skill level 1 in Necromancy
  1446 | D:2      | Reached skill level 1 in Translocations
  1446 | D:2      | Reached skill level 1 in Transmutations
  1446 | D:2      | Reached skill level 1 in Ice Magic
  1446 | D:2      | Reached skill level 1 in Air Magic
  1446 | D:2      | Reached skill level 1 in Earth Magic
  1446 | D:2      | Reached skill level 1 in Poison Magic
  1574 | D:2      | Learned a level 3 spell: Volatile Blastmotes
  1892 | D:3      | Found Nyzeideo's Assorted Antiques.
  1900 | D:3      | Bought a pitted lead ring for 140 gold pieces
  1900 | D:3      | Identified the ring of Valeep {Str+2 Int+6} (You bought it
                  | in a shop on level 3 of the Dungeon)
  1973 | D:3      | Found Uhushroic's Book Shop.
  1984 | D:3      | Learned a level 2 spell: Blink
  2254 | D:3      | Found a faded altar of an unknown god.
  2272 | D:3      | Reached XP level 5. HP: 37/37 MP: 8/12
  2865 | D:4      | Reached XP level 6. HP: 44/44 MP: 7/13
  3061 | D:4      | Reached skill level 5 in Dodging
  3457 | D:5      | Entered Level 5 of the Dungeon
  3470 | D:5      | Learned a level 4 spell: Flame Wave
  3555 | D:5      | Found Xasyx's Book Shop.
  3684 | D:5      | Reached XP level 7. HP: 50/50 MP: 10/15
  3972 | D:5      | Reached skill level 5 in Stealth
  4086 | D:5      | Noticed Eustachio
  4106 | D:5      | Killed Eustachio
  4268 | D:5      | Reached XP level 8. HP: 58/58 MP: 11/16
  4714 | D:3      | Bought an encrusted whip for 210 gold pieces
  4714 | D:3      | Identified the +9 whip of Wamohal {elec, Int+3} (You bought
                  | it in a shop on level 3 of the Dungeon)
  5867 | D:7      | Identified the +11 hammer "Toomehor" {antimagic, rN+ Will+
                  | Str-3 Int+2}
  5886 | D:7      | Found a staircase to the Ecumenical Temple.
  5893 | Temple   | Entered the Ecumenical Temple
  6162 | Temple   | Became a worshipper of Vehumet
  6294 | D:7      | Found a runed translucent door.
  6295 | D:7      | Noticed Crazy Yiuf
  6302 | D:7      | Killed Crazy Yiuf
  6303 | D:7      | Reached XP level 9. HP: 65/65 MP: 13/18
  6526 | D:7      | Found an iron altar of Okawaru.
  6692 | D:8      | Noticed Maurice
  6692 | D:8      | Noticed Gastronok
  6733 | D:7      | HP: 1/65 [Gastronok (18)]
  6735 | D:7      | Killed from afar by Gastronok

Illustrated notes

Levels and vault maps discovered:
D:1:      elethiomel_arrival_shortcut, layout_basic, serial_forest,
          infiniplex_forest_clump_curved, infiniplex_forest_clump_long,
          infiniplex_forest_end_2, infiniplex_forest_zigzag_2,
          infiniplex_forest_clump_tiny, infiniplex_forest_clump_long
D:2:      layout_loops_cross, grunt_ministairs_5, minmay_misc_feat_rows,
          serial_park_tiny_2
D:3:      layout_basic, serial_shops, nicolae_shop_just_a_little_nook, shop,
          hellmonk_ecumenical_altar_arch_garden, minmay_circle_x
D:4:      layout_loops_cross, nrook_mini_vaults, kennysheep_generic_room_15
D:5:      layout_rooms, serial_shops, nicolae_shop_stone, interstate_on_off,
          uniq_eustachio
D:6:      layout_basic
D:7:      layout_rooms, okawaru_humans, minmay_temple_entry_butterflies,
          uniq_crazy_yiuf_cottage
D:8:      layout_cave_pools, mainiacjoe_overflow_brackets, dpeg_oklobed_lair,
          serial_shops, nicolae_shop_temple_entry_statues_fountains,
          uniq_maurice, uniq_gastronok
Temple:   minmay_temple_curvy_branch

Skill      XL: |  1  2  3  4  5  6  7  8  9 |
---------------+----------------------------+-----
Conjurations   | 2 3 4 |  4.1
Spellcasting   | 5 6 |  6.6
Invocations    | 1 2 3 4 |  4.6
Fighting       | 1 2 3 4 |  4.2
Short Blades   | 1 2 3 4 |  4.2
Long Blades    | 1 2 3 4 |  4.2
Axes           | 1 2 3 4 |  4.2
Maces & Flails | 1 2 3 4 |  4.2
Polearms       | 1 2 3 4 |  4.2
Staves         | 1 2 3 4 |  4.2
Ranged Weapons | 1 2 3 4 |  4.2
Throwing       | 1 2 3 4 |  4.2
Armour         | 1 2 3 4 |  4.2
Shields        | 1 2 3 4 |  4.2
Unarmed Combat | 1 2 3 4 |  4.2
Evocations     | 1 2 3 4 |  4.2
Hexes          | 1 2 3 |  3.4
Summonings     | 1 2 3 |  3.4
Necromancy     | 1 2 3 |  3.4
Translocations | 1 2 3 |  3.4
Transmutations | 1 2 3 |  3.4
Ice Magic      | 1 2 3 |  3.4
Air Magic      | 1 2 3 |  3.4
Earth Magic    | 1 2 3 |  3.4
Poison Magic   | 1 2 3 |  3.4
Dodging        | 5 6 |  6.3
Stealth        | 5 6 |  6.0
Fire Magic     | 6 |  6.5

Action                     |  1- 3 |  4- 6 |  7- 9 || total
---------------------------+-------+-------+-------++-------
  Melee: Spear             |     5 |    16 |    12 ||    33
         Bite              |       |     2 |     1 ||     3
         Whip              |       |       |    15 ||    15
   Cast: Foxfire           |    24 |    86 |    62 ||   172
         Scorch            |     4 |    32 |    31 ||    67
         Volatile Blastmot |       |       |     2 ||     2
         Flame Wave        |       |       |     2 ||     2
    Use: Potion            |       |       |     1 ||     1
   Stab: Sleeping          |       |     1 |     3 ||     4
 Armour: Robe              |       |     9 |     1 ||    10
         Leather armour    |       |       |    13 ||    13
  Dodge: Dodged            |     4 |    34 |    34 ||    72
